 Dungeon Crawl Stone Soup version 0.30.0-29-ga12c61a403 (webtiles) character file.

Game seed: 16058488041128962176

27911 Abishai the Covert (level 13, -2/105 HPs)
             Began as a Yellow Draconian Brigand on June 23, 2023.
             Was the Champion of Ru.
             Slain by a shock serpent (12 damage)
             ... on level 2 of the Snake Pit.
             The game lasted 01:01:19 (14988 turns).

Abishai the Covert (Yellow Draconian Brigand)      Turns: 14988, Time: 01:01:20

Health: -2/105     AC: 13    Str: 13    XL:     13   Next: 6%
Magic:  17/22      EV: 14    Int: 15    God:    Ru [******]
Gold:   43         SH:  0    Dex: 13    Spells: 17/24 levels left

rFire   + . .        W - +1 quarterstaff of Mayhem {venom, rPois rC+}
rCold   . . .        (shield currently unavailable)
rNeg    . . .        (body armour unavailable)
rPois   +            (helmet restricted)
rElec   .            r - scarf {rC+ rF+}
rCorr   +            A - +2 pair of gloves
SInv    +            y - +1 pair of boots {Fly}
Will    .....        g - amulet of the acrobat
Stlth   ++++         O - ring of fire
HPRegen 0.37/turn    N - ring of see invisible
MPRegen 0.18/turn

%: acrobat
@: exhausted, short of breath, marked, untranslocatable, flying, unable to read
A: spit acid, AC +8, unfitting armour, weak 1, cold-blooded, inability to read
after injury 2, inability to use devices, temperature sensitive, acid resistance
a: Breathe Acid, Renounce Religion, Draw Out Power, Power Leap, Apocalypse


You were on level 2 of the Snake Pit.
You worshipped Ru.
Ru was exalted by your worship.
You visited 3 branches of the dungeon, and saw 16 of its levels.
You also visited: Ossuary and Bailey.

You collected 1005 gold pieces.
You spent 962 gold pieces at shops.

Inventory:

Hand Weapons
 j - a +2 dagger of protection
 o - a +2 dagger of venom
 U - a +0 heavy short sword
 W - the +1 quarterstaff of Mayhem (weapon) {venom, rPois rC+}
   (You bought it in a shop on level 1 of the Snake Pit)

   rC:        It protects you from cold.
   rPois:     It protects you from poison.
Missiles
 c - 34 poisoned darts (quivered)
 f - 4 atropa-tipped darts
 n - 3 throwing nets
 J - 5 silver boomerangs
 K - 3 curare-tipped darts
Armour
 b - a +0 cloak
 p - the +2 shield of Resistance {rF++ rC++ Will++}
   (You found it on level 3 of the Dungeon)

   rF:        It greatly protects you from fire.
   rC:        It greatly protects you from cold.
   Will:      It greatly increases your willpower.
 r - a scarf of resistance (worn)
 y - a +1 pair of boots of flying (worn)
 A - a +2 pair of gloves (worn)
Jewellery
 d - a ring of wizardry
 g - an amulet of the acrobat (around neck)
 E - a ring of flight
 N - a ring of see invisible (right hand)
 O - a ring of fire (left hand)
 P - an amulet of guardian spirit
 T - a ring of poison resistance
Scrolls
 a - a scroll of vulnerability
 e - 2 scrolls of amnesia
 h - 3 scrolls of teleportation
 k - 2 scrolls of torment
 m - 4 scrolls of silence
 q - 3 scrolls of noise
 C - 3 scrolls of fear
 G - 3 scrolls of poison
 H - 4 scrolls of magic mapping
 M - 2 scrolls of fog
 R - a scroll of immolation
 S - a scroll of summoning
 V - 4 scrolls of identify
Potions
 i - 5 potions of might {unknown}
 l - 5 potions of brilliance
 s - 4 potions of haste {unknown}
 t - a potion of invisibility {unknown}
 u - 3 potions of curing
 v - 2 potions of ambrosia
 w - 4 potions of lignification
 x - 6 potions of attraction
 z - 2 potions of cancellation {unknown}
 B - 3 potions of heal wounds
 D - 3 potions of mutation {unknown}
 F - 2 potions of magic {unknown}
 I - 2 potions of degeneration
 L - 2 potions of flight {unknown}
 Q - 4 potions of resistance {unknown}


   Skills:
 * Level 7.0 Fighting
 * Level 7.2 Short Blades
 * Level 2.0 Staves
 * Level 6.2 Throwing
 * Level 6.9 Dodging
 * Level 8.0 Stealth
 * Level 6.1 Shields
 * Level 6.2 Spellcasting
 * Level 5.2 Conjurations
 * Level 5.1 Translocations
 * Level 6.1 Transmutations
 * Level 6.3 Fire Magic
 * Level 6.2 Poison Magic


You had 17 spell levels left.
You knew the following spells:

 Your Spells              Type           Power      Damage    Failure   Level
a - Ignite Poison         Fire/Tmut/Pois 35%        N/A       3%          3
b - Momentum Strike       Conj/Tloc      40%        3d9       2%          2
c - Blink                 Tloc           40%        N/A       2%          2

Your spell library contained the following spells:

 Spells                   Type           Power      Damage    Failure   Level
 Lesser Beckoning         Tloc           40%        N/A       2%          2
 Kiss of Death            Conj/Necr      48%        2d9       4%          1
 Cigotuvi's Dreadful Rot  Necr/Pois/Air  20%        N/A       10%         2
 Sticky Flame             Conj/Fire      33%        2d5       13%         4
 Confusing Touch          Hex            4%         N/A       41%         3
 Dispel Undead            Necr           4%         3d7       82%         4
 Freezing Cloud           Conj/Ice/Air   4%         6-21      89%         5
 Malign Gateway           Summ/Tloc      6%         N/A       100%        7
 Ignition                 Fire           17%        3d7       100%        8
 Summon Horrible Things   Summ           2%         N/A       100%        8


Dungeon Overview and Level Annotations

Branches:
Dungeon (11/15)            Temple (0/1) D:6            Lair (3/5) D:10
 Shoals (0/4) Lair:3        Snake (2/4) Lair:3          Orc (0/2) D:10
Ossuary (visited)          Bailey (visited)

Altars:
Ashenzari
Cheibriados
Dithmenos
Elyvilon
Makhleb
Nemelex Xobeh
Okawaru
Ru
Sif Muna
Trog
Uskayaw
Vehumet
Wu Jian
Yredelemnul
Zin

Shops:
D:1 !   D:2 ?   D:7 [   Snake:1 [(?=

Annotations:
D:3 2 transporters
D:5 2 transporters, snickersnuck's ghost, novice MiFi
Snake:2 Vashnia


Innate Abilities, Weirdness & Mutations

You can spit globs of acid.
Your golden yellow scales are hard. (AC +8)
You cannot fit into any form of body armour.
You are weak. (Str -2)
You are cold-blooded and may be slowed by cold attacks.
You sometimes lose the ability to read scrolls when taking damage.
You cannot study or use magical devices.
You are sensitive to extremes of temperature. (rF-, rC-)
You are resistant to acid. (rCorr)


Message History

The shock serpent shocks you!
* * * LOW HITPOINT WARNING * * *
Your mana viper bites the naga warrior but does no damage.
The naga mage begins to cast a spell, but is stunned by your conviction!
The naga warrior misses you.
Vashnia begins to cast a spell, but is stunned by your conviction!
The naga ritualist begins to pray, but is stunned by your conviction!
The salamander misses you.
You feel much better.
The shock serpent begins to attack, but is stunned by your conviction!
Your mana viper bites the naga warrior.
The naga mage mumbles some strange words.
The naga mage seems to speed up.
The naga warrior hits you from afar with a +0 trident!
* * * LOW HITPOINT WARNING * * *
You redirect Vashnia's attack!
The shock serpent shoots out a bolt of lightning at you!
The bolt of electricity hits you!!
* * * LOW HITPOINT WARNING * * *
The bolt of electricity misses you.
The bolt of electricity hits the shock serpent.
The shock serpent completely resists.
Your mana viper bites the naga warrior!!
The naga ritualist misses you.
Unknown command.
You feel much better.
The naga ritualist no longer looks unusually toxic.
You redirect the naga mage's attack! x2
A naga sharpshooter comes into view. It is wielding a +0 short sword.
You redirect the shock serpent's attack!
The shock serpent bites the naga warrior but does no damage.
The naga warrior misses you.
The naga ritualist hits you from afar with a +0 trident!
* * * LOW HITPOINT WARNING * * *
You hit the naga mage but do no damage.
You tail-slap the naga mage, but do no damage.
The shock serpent bites you.
* * * LOW HITPOINT WARNING * * *
The shock serpent shocks you!
You die...

,,**** **,,,,,....',.<#>,,'.).*
,,,,,***,,:$,,,...)###.###'...#
,,,,,*,,,*#..,,#!.'..<#<..'...#
,,,,,*,***....,#..'.†.#.†N'...#
*,,,,,,,,,,..N##..##..#..##...#
,,,,,,,***,.....N..#''N''#....#
,,****,,*,,.###NNS.†..†.......#
,,,*,,,,*,,,* ##N#N...).)....##
,^,*,,,,*,,,***#@S..........##
,,,*,,,,,,*,,,*##############
,,,**,,,,,*,,,**
,,,,,,,,,,,>,,,**
***,,,*,,,,,,*,,*
**,,,,******,,,,* *,,,,,*
****** ,,***** ,**


You could see a naga warrior, a naga sharpshooter, a salamander (strong,
poisoned, slow), a naga ritualist (strong), 2 shock serpents, 2 naga magi and a
naga (strong, curare).

Vanquished Creatures
  Erolcha (D:10)
  An anaconda (Snake:1)
  A boulder beetle (Lair:2)
  5 shock serpents
  A two-headed ogre (D:10)
  An orc knight (Bailey)
  A mana viper (Snake:2)
  A salamander (Snake:1)
  A merfolk siren (Lair:3)
  14 black mambas
  4 naga magi
  A guardian serpent (Snake:2)
  3 cane toads
  An unseen horror (D:10)
  3 rime drakes (Lair:2)
  A komodo dragon (Lair:1)
  A polar bear (Lair:1)
  A hornet (D:10)
  Prince Ribbit (D:6)
  5 blink frogs (Lair:3)
  7 wyverns
  19 yaks
  A wraith (D:9)
  4 basilisks
  3 steam dragons
  4 vampire mosquitoes (D:9)
  7 nagas
  Edmund (D:6)
  6 water moccasins
  2 orc warriors (Bailey)
  A sky beast (D:7)
  2 ice beasts
  2 black bears
  An ogre (D:7)
  6 wolves (Lair:1)
  2 phantoms
  4 centaurs
  3 kobold brigands
  2 elf zombies (Ossuary)
  6 bullfrogs
  2 gnoll sergeants (D:10)
  3 scorpions
  A crimson imp (D:6)
  A jelly (D:7)
  3 centaur zombies (D:6)
  4 orc priests
  A bullfrog zombie (D:6)
  3 hounds
  2 human zombies (Ossuary)
  2 sleepcaps
  4 iguanas
  6 orc wizards
  2 mummies (Ossuary)
  24 gnolls
  8 adders
  2 adder zombies (Ossuary)
  A worm (D:4)
  4 dart slugs
  28 orcs
  7 endoplasms
  6 giant cockroaches
  2 goblins
  11 hobgoblins
  10 jackals
  3 quokkas
  11 ball pythons
  5 bats
  5 frilled lizards
  A goblin zombie (Ossuary)
  5 hobgoblin zombies (Ossuary)
  A jackal zombie (Ossuary)
  24 kobolds
  13 kobold zombies (Ossuary)
  10 orc zombies (Ossuary)
  7 rats
  A rat zombie (Ossuary)
354 creatures vanquished.

Vanquished Creatures (collateral kills)
  A nagaraja (Snake:2)
  A black mamba (Snake:2)
2 creatures vanquished.

Vanquished Creatures (others)
  A hydra (Lair:3)
  A water moccasin zombie (D:6)
  A bullfrog zombie (D:6)
  2 kobolds (D:10)
  A quokka (D:3)
6 creatures vanquished.

Grand Total: 362 creatures vanquished

Notes
Turn   | Place    | Note
-------+----------+-------------------------------------------
     0 | D:1      | Abishai the Draconian Brigand began the quest for the Orb.
     0 | D:1      | Reached XP level 1. HP: 17/17 MP: 1/1
    16 | D:1      | Found Unehya Juywy's Distillery.
   316 | D:1      | Reached XP level 2. HP: 15/24 MP: 2/2
   435 | D:1      | You fall into a shaft and drop 1 floor!
   637 | D:2      | Reached skill level 1 in Dodging
   698 | D:2      | Reached skill level 4 in Stealth
   936 | D:2      | Reached XP level 3. HP: 30/30 MP: 3/3
   948 | D:2      | Found Idghal's Magic Scroll Boutique.
   956 | D:2      | Bought a scroll of fear for 44 gold pieces
   956 | D:2      | Bought a scroll of identify for 22 gold pieces
   956 | D:2      | Bought a scroll of identify for 22 gold pieces
  1024 | D:3      | Found a transporter.
  1025 | D:3      | Found a transporter.
  1038 | D:3      | Found a white marble altar of Elyvilon.
  1038 | D:3      | Noticed a scorpion
  1163 | D:3      | Learned a level 3 spell: Ignite Poison
  1236 | D:3      | Reached XP level 4. HP: 28/37 MP: 4/4
  1525 | D:4      | Found a sacrificial altar of Ru.
  1530 | D:4      | Became a worshipper of Ru the Awakened
  1586 | D:4      | Reached XP level 5. HP: 42/42 MP: 2/6
  1612 | D:4      | Noticed a phantom
  1711 | D:4      | Killed a phantom
  1712 | D:4      | Reached skill level 1 in Spellcasting
  1712 | D:4      | Reached skill level 1 in Transmutations
  1796 | D:4      | Reached skill level 1 in Fire Magic
  1830 | D:4      | Reached skill level 1 in Poison Magic
  1835 | D:4      | Reached XP level 6. HP: 40/51 MP: 1/8
  2053 | D:4      | HP: 1/50 [gnoll/+0 flail (8)]
  2292 | D:4      | Found a broken altar of Ashenzari.
  2799 | D:3      | Your scales start taking on a golden yellow colour.
  2799 | D:3      | Reached XP level 7. HP: 15/55 MP: 4/9
  2799 | D:3      | Gained mutation: You are resistant to acid. (rCorr) [Yellow
                  | Draconian growth]
  2944 | D:3      | Found the +2 shield of Resistance {rF++ rC++ Will++}
  3095 | D:3      | Found a shadowy altar of Dithmenos.
  3442 | D:3      | Found a sparkling altar of Nemelex Xobeh.
  3548 | D:2      | Learned a level 2 spell: Momentum Strike
  3638 | D:2      | Gained mutation: You are sensitive to extremes of
                  | temperature. (rF-, rC-) [Ru sacrifice]
  3638 | D:2      | Reached * piety under Ru
  3638 | D:2      | Reached ** piety under Ru
  3965 | D:2      | Bought a scroll of enchant weapon for 82 gold pieces
  3965 | D:2      | Bought a scroll of blinking for 82 gold pieces
  4145 | D:1      | Found a faded altar of an unknown god.
  4434 | D:5      | Entered Level 5 of the Dungeon
  4517 | D:5      | Reached skill level 5 in Stealth
  4588 | D:5      | Noticed snickersnuck's ghost (novice MiFi)
  4608 | D:5      | Found a sand-covered staircase.
  4623 | Ossuary  | Entered an ossuary
  4835 | Ossuary  | Reached skill level 1 in Shields
  4904 | Ossuary  | Reached XP level 8. HP: 50/66 MP: 3/11
  5035 | D:5      | Found a transporter.
  5046 | D:5      | Found a transporter.
  5268 | D:5      | Found a hide-covered altar of Uskayaw.
  5550 | D:6      | Noticed Edmund
  5568 | D:6      | Killed Edmund
  5684 | D:6      | Found a bloodstained altar of Trog.
  5708 | D:6      | Found a staircase to the Ecumenical Temple.
  5807 | D:6      | Noticed Prince Ribbit
  5812 | D:6      | Killed Prince Ribbit
  5874 | D:6      | Found a glowing silver altar of Zin.
  5874 | D:6      | Noticed an angel
  5968 | D:6      | Found a burning altar of Makhleb.
  5968 | D:6      | Found a radiant altar of Vehumet.
  6015 | D:6      | Found a basalt altar of Yredelemnul.
  6039 | D:6      | Reached skill level 6 in Stealth
  6100 | D:6      | Found an ornate altar of the Wu Jian Council.
  6122 | D:6      | Gained mutation: You cannot study or use magical devices.
                  | [Ru sacrifice]
  6122 | D:6      | Reached *** piety under Ru
  6122 | D:6      | Reached **** piety under Ru
  6383 | D:7      | Found a snail-covered altar of Cheibriados.
  6383 | D:7      | Found Cheibriados's Comfort Zone.
  6422 | D:7      | Reached skill level 5 in Short Blades
  6424 | D:7      | Reached XP level 9. HP: 61/71 MP: 3/12
  6469 | D:7      | Found a flagged portal.
  6481 | Bailey   | Entered a bailey
  6762 | Bailey   | Noticed an orc knight
  6762 | Bailey   | Noticed an orc knight
  6883 | Bailey   | Learned a level 2 spell: Blink
  6913 | Bailey   | Killed an orc knight
  6914 | Bailey   | Reached skill level 1 in Conjurations
  6914 | Bailey   | Reached skill level 1 in Translocations
  6977 | Bailey   | Identified the +6 crystal plate armour of Biuboec {rC+
                  | Regen+ Dex-3}
  7947 | D:8      | Found an iron altar of Okawaru.
  7949 | D:8      | Found a snail-covered altar of Cheibriados.
  8749 | D:9      | Gained mutation: You occasionally lose the ability to read
                  | scrolls when taking damage. [Ru sacrifice]
  8749 | D:9      | Gained mutation: You sometimes lose the ability to read
                  | scrolls when taking damage. [Ru sacrifice]
  8749 | D:9      | Reached ***** piety under Ru
  8758 | D:9      | Reached XP level 10. HP: 16/80 MP: 11/15
  8983 | D:9      | Reached skill level 5 in Fighting
  9079 | D:9      | Found a shimmering blue altar of Sif Muna.
  9262 | D:10     | Entered Level 10 of the Dungeon
  9293 | D:10     | Noticed Erolcha
  9302 | D:10     | Killed Erolcha
  9317 | D:10     | Noticed a two-headed ogre
  9325 | D:10     | Killed a two-headed ogre
  9482 | D:10     | Reached skill level 5 in Dodging
  9727 | D:10     | Found a staircase to the Orcish Mines.
  9835 | D:10     | Reached XP level 11. HP: 78/82 MP: 13/17
  9883 | D:10     | Found a staircase to the Lair.
  9933 | D:10     | Reached skill level 7 in Stealth
 10377 | Lair:1   | Entered Level 1 of the Lair of Beasts
 10448 | Lair:1   | Reached skill level 5 in Throwing
 10556 | Lair:1   | Reached skill level 5 in Poison Magic
 10576 | Lair:1   | Reached skill level 5 in Fire Magic
 10594 | Lair:1   | Reached skill level 5 in Transmutations
 10916 | Lair:1   | Gained mutation: You are weak. (Str -2) [Ru sacrifice]
 10916 | Lair:1   | Reached ****** piety under Ru
 11506 | Lair:2   | Reached skill level 5 in Shields
 11506 | Lair:2   | Reached skill level 5 in Spellcasting
 11813 | Lair:2   | Found a transporter.
 11822 | Lair:2   | Found a transporter.
 11824 | Lair:2   | Noticed a boulder beetle
 11838 | Lair:2   | Killed a boulder beetle
 12978 | Lair:3   | Noticed a five-headed hydra
 12989 | Lair:3   | Killed a five-headed hydra
 12990 | Lair:3   | Reached XP level 12. HP: 55/96 MP: 12/20
 13353 | Lair:3   | Found a staircase to the Snake Pit.
 13422 | Lair:3   | Found a staircase to the Shoals.
 13619 | Snake:1  | Entered Level 1 of the Snake Pit
 13893 | Snake:1  | Found Pofasus's Jewellery Boutique.
 14145 | Snake:1  | Found Hesuo's Armour Shoppe.
 14147 | Snake:1  | Found Civic's Weapon Emporium.
 14151 | Snake:1  | Found Athrach's Magic Scroll Shoppe.
 14165 | Snake:1  | Bought a scroll of identify for 30 gold pieces
 14165 | Snake:1  | Bought a scroll of summoning for 142 gold pieces
 14165 | Snake:1  | Bought a scroll of identify for 30 gold pieces
 14165 | Snake:1  | Bought a scroll of identify for 30 gold pieces
 14165 | Snake:1  | Bought a scroll of identify for 30 gold pieces
 14167 | Snake:1  | Bought the +1 quarterstaff of Mayhem {venom, rPois rC+} for
                  | 448 gold pieces
 14452 | Snake:1  | Noticed an anaconda
 14458 | Snake:1  | Killed an anaconda
 14644 | Snake:1  | Reached skill level 1 in Staves
 14965 | Snake:2  | Noticed a nagaraja
 14969 | Snake:2  | Reached skill level 8 in Stealth
 14969 | Snake:2  | Reached skill level 5 in Conjurations
 14969 | Snake:2  | Reached skill level 5 in Translocations
 14969 | Snake:2  | Reached XP level 13. HP: 42/105 MP: 13/22
 14970 | Snake:2  | Killed a nagaraja
 14984 | Snake:2  | Noticed Vashnia
 14988 | Snake:2  | Slain by a shock serpent

Illustrated notes

Levels and vault maps discovered:
D:1:      dpeg_arrival_boxes_within_box, layout_rooms, serial_shops, shop,
          nicolae_ecumenical_snake_handling, minmay_tetromino_t4
D:2:      wander_river, layout_basic, serial_shops, shop,
          kennysheep_generic_room_16
D:3:      cheibrodos_thug_alley, layout_rooms, pf_just_have_faith,
          nicolae_dithmenos_shadow_blocks, gammafunk_temple_overflow_arena
D:4:      layout_rooms, kennysheep_little_box, nicolae_overflow_hidden_temple
D:5:      layout_rooms, kennysheep_mini_moat, enter_ossuary_1,
          gammafunk_ghost_stat_death
D:6:      layout_rooms, grunt_temple_overflow_lords_of_destruction,
          mainiacjoe_overflow_paths, nicolae_yredelemnul_corpse_copse,
          nicolae_wu_jian_wuxing_cycle, zin_angel,
          minmay_temple_entry_offerings, hangedman_decor_push,
          kennysheep_path_1, ebering_dispersal_statue_hall, uniq_prince_ribbit1,
          uniq_edmund
D:7:      layout_basic, enter_bailey_2, minmay_statues_item,
          chequers_serial_rivers_micro_e, minmay_shop_chei,
          minmay_misc_feat_five
D:8:      layout_cave_pods, mainiacjoe_overflow_catwalk_spiral
D:9:      layout_cave_pools, nicolae_sif_muna_condensation
D:10:     layout_small_grid, minmay_lair_entry_grove, orc_0_dummy, uniq_erolcha
D:11:     layout_big_octagon, grunt_ministairs_8, minmay_crystal_water
Lair:1:   layout_regular_city, chequers_serial_rivers_micro_b,
          grunt_megastairs_5
Lair:2:   gammafunk_boulding_lane, layout_regular_city, serial_bayou_shore_b
Lair:3:   layout_long_grid, elwin_shoals_entry_rooms,
          minmay_snake_entry_guardpost_medium, nicolae_lair_lil_pond,
          lemuel_fruit_tree
Snake:1:  layout_basic, serial_shops, shop, minmay_shop_star
Snake:2:  layout_misc_corridors, portal_ice_cave_entry_ice_statue_one,
          serial_shops, shop, evilmike_ambush [evilmike_ambush_outer_doors,
          evilmike_ambush_inner_cross], minmay_shoptagon, uniq_vashnia

Skill      XL: |  1  2  3  4  5  6  7  8  9 10 11 12 13 |
---------------+----------------------------------------+-----
Throwing       | 2 3 4 5 6 |  6.2
Dodging        | 1 2 3 4 5 6 |  6.9
Stealth        | 4 5 6 7 8 |  8.0
Short Blades   | 3 4 5 6 7 |  7.2
Spellcasting   | 1 2 3 4 5 6 |  6.2
Transmutations | 1 2 3 4 5 6 |  6.1
Fire Magic     | 1 2 3 4 5 6 |  6.3
Fighting       | 3 4 5 6 7 |  7.0
Poison Magic   | 1 2 3 4 5 6 |  6.2
Shields        | 1 2 3 4 5 6 |  6.1
Conjurations   | 2 3 4 5 |  5.2
Translocations | 1 3 4 5 |  5.1
Staves         | 1 2 |  2.0

Action                     |  1- 3 |  4- 6 |  7- 9 | 10-12 | 13-15 || total
---------------------------+-------+-------+-------+-------+-------++-------
  Melee: Dagger            |    98 |   193 |   312 |   220 |       ||   823
         Tailslap          |     5 |    23 |    51 |    47 |     2 ||   128
         Punch             |       |     5 |     5 |     1 |       ||    11
         Quarterstaff      |       |       |       |    16 |     5 ||    21
  Throw: Dart              |    19 |    18 |    17 |     5 |       ||    59
   Cast: Ignite Poison     |       |     7 |    30 |    47 |       ||    84
         Momentum Strike   |       |       |    12 |     2 |       ||    14
 Invoke: Sacrifice Resista |       |       |     1 |       |       ||     1
         Power Leap        |       |       |     4 |     7 |       ||    11
         Sacrifice Artific |       |       |     1 |       |       ||     1
         Sacrifice Words   |       |       |     1 |       |       ||     1
         Apocalypse        |       |       |       |     7 |       ||     7
         Sacrifice Purity  |       |       |       |     1 |       ||     1
Ability: Breathe Acid      |       |       |    46 |    42 |       ||    88
    Use: Scroll            |     6 |     3 |    10 |    11 |       ||    30
         Potion            |     2 |     2 |       |     6 |     2 ||    12
   Stab: Sleeping          |     7 |     3 |    20 |     7 |       ||    37
         Paralysed         |       |       |       |     3 |       ||     3
         Distracted        |       |       |       |     1 |       ||     1
 Armour: Skin              |    25 |    82 |   125 |   103 |     1 ||   336
  Dodge: Dodged            |    66 |   111 |   277 |   199 |    16 ||   669
